 Dungeon Crawl Stone Soup version 0.31-a0-365-gcf821cafb2 (webtiles) character file.

Game seed: 4731010356314182743

44 backslashecho the Gusty (level 3, 0/19 HPs)
             Began as a Tengu Air Elementalist on July 27, 2023.
             Slain by an adder (3 damage)
             ... on level 2 of the Dungeon.
             The game lasted 00:04:22 (1588 turns).

backslashecho the Gusty (Tengu Air Elementalist)    Turns: 1588, Time: 00:04:22

Health: 0/19       AC:  2    Str:  8    XL:     3   Next: 62%
Magic:  0/8        EV: 12    Int: 17    God:
Gold:   31         SH:  0    Dex: 14    Spells: 5/8 levels left

rFire   . . .        e - +2 dagger (venom)
rCold   . . .        (no shield)
rNeg    . . .        a - +0 robe
rPois   .            (helmet restricted)
rElec   .            (no cloak)
rCorr   .            (no gloves)
SInv    .            (boots unavailable)
Will    .....        (no amulet)
Stlth   ++           (no ring)
HPRegen 0.23/turn    (no ring)
MPRegen 0.11/turn

%: no passive effects
@: no status effects
A: beak, talons 3
a: no special abilities


You were on level 2 of the Dungeon.
You visited 1 branch of the dungeon, and saw 2 of its levels.

You collected 61 gold pieces.
You spent 30 gold pieces at shops.

Inventory:

Hand Weapons
 e - a +2 dagger of venom (weapon)
Missiles
 m - a throwing net
Armour
 a - a +0 robe (worn)
 h - a +0 pair of gloves
Scrolls
 c - a scroll of silence {unknown}
 f - a scroll of amnesia {unknown}
 k - a scroll of fog {unknown}
 l - a scroll of poison {unknown}
Potions
 b - a potion of magic
 d - a potion of invisibility {unknown}
 g - 3 potions of curing
 i - 2 potions of brilliance {unknown}
 j - a potion of heal wounds {unknown}


   Skills:
 - Level 2.1 Dodging
 - Level 2.0 Stealth
 - Level 1.0 Unarmed Combat
 * Level 3.0 Spellcasting
 + Level 2.6 Conjurations
 - Level 4.0 Air Magic


You had 5 spell levels left.
You knew the following spells:

 Your Spells              Type           Power      Damage    Failure   Level
a - Shock                 Conj/Air       52%        1d6       4%          1
b - Static Discharge      Conj/Air       26%        2-4/arc   7%          2

Your spell library contained the following spells:

 Spells                   Type           Power      Damage    Failure   Level
 Swiftness                Air            16%        N/A       10%         3
 Airstrike                Air            8%         2d(2-18)  32%         4


Dungeon Overview and Level Annotations

Branches:
Dungeon (2/15)

Altars:

Shops:
D:1 !


Innate Abilities, Weirdness & Mutations

You have a beak for a mouth.
You have claws for feet.


Message History

The adder closely misses you.
Casting: Shock (safe; 4% risk of failure)
Confirm with . or Enter, or press ? or * to list all spells.
Aiming: Shock (safe; 4% risk of failure)
Press: ? - help, Shift-Dir - straight line, f/p - adder
Aim: an adder (heavily wounded, 48% to hit)
The zap misses the adder.
The adder bites you. x2
You are poisoned.
The adder poisons you!
You take 4 damage, and have 8/19 hp.
MASSIVE DAMAGE!!
You now have 2/8 mp.
Casting: Shock (safe; 4% risk of failure)
Confirm with . or Enter, or press ? or * to list all spells.
Aiming: Shock (safe; 4% risk of failure)
Press: ? - help, Shift-Dir - straight line, f/p - adder
Aim: an adder (heavily wounded, 48% to hit)
The zap hits the adder.
The adder is severely wounded.
You feel sick. The adder barely misses you.
You now have 1/8 mp.
You miss the adder. Your kick misses the adder.
The adder is severely wounded.
You feel sick. The adder bites you.
You are lethally poisoned!
The adder poisons you!
Your magical contamination has completely faded away.
You take 2 damage, and have 6/19 hp.
You miss the adder. Your kick misses the adder.
The adder is severely wounded.
* * * LOW HITPOINT WARNING * * *
You feel sick. The adder barely misses you.
You take 2 damage, and have 4/19 hp.
Casting: Shock (safe; 4% risk of failure)
Confirm with . or Enter, or press ? or * to list all spells.
Aiming: Shock (safe; 4% risk of failure)
Press: ? - help, Shift-Dir - straight line, f/p - adder
Aim: an adder (severely wounded, 48% to hit)
The zap hits the adder.
The adder is severely wounded.
* * * LOW HITPOINT WARNING * * *
You feel sick. The adder bites you.
* * * LOW HITPOINT WARNING * * *
The adder barely misses you.
You take 3 damage, and have 1/19 hp.
You now have 0/8 mp.
You feel better. The adder bites you.
You regained 6 hp, and now have 7/19 hp.
You see here a +0 dagger.
The adder attacks as you move away! The adder bites you.
* * * LOW HITPOINT WARNING * * *
The adder bites you.
You die...

###########.# #.#
.........>#.# #.#
#########.#.####.##
#......#.....#
#.##.###.##..#
#.######.##.###.#...#
#......#........#<..#
#### #####.####.#######.#
...###..........@.......#
...........####S#########
.(.........# #.#
...........# #.#
...........# #.#
...######### #.# ...# #)#
...# .). ...# ....#


You could see an adder.

Vanquished Creatures
  A dart slug (D:1)
  4 bats (D:1)
  2 endoplasms
  A giant cockroach (D:2)
  3 hobgoblins (D:1)
  6 jackals (D:1)
  5 kobolds
  3 quokkas
  4 ball pythons
  2 frilled lizards (D:1)
  3 goblins
  3 rats (D:1)
37 creatures vanquished.

Notes
Turn   | Place    | Note
-------+----------+-------------------------------------------
     0 | D:1      | backslashecho the Tengu Air Elementalist began the quest
                  | for the Orb.
     0 | D:1      | Reached XP level 1. HP: 10/10 MP: 4/4
   211 | D:1      | Reached XP level 2. HP: 15/15 MP: 3/6
   395 | D:1      | Reached skill level 1 in Unarmed Combat
   398 | D:1      | Learned a level 2 spell: Static Discharge
   517 | D:1      | Reached XP level 3. HP: 19/19 MP: 0/8
   613 | D:1      | Found Gifixeg's Distillery.
   623 | D:1      | Bought a potion of curing for 30 gold pieces
  1588 | D:2      | Slain by an adder

Illustrated notes

Levels and vault maps discovered:
D:1:      dpeg_arrival_three_same_balls, layout_basic, serial_shops,
          shop_fountains, serial_park_tiny_2
D:2:      layout_basic

Skill      XL: |  1  2  3 |
---------------+----------+-----
Conjurations   | 2 |  2.6
Unarmed Combat | 1 |  1.0
Spellcasting   | 3 |  3.0
Dodging        | |  2.1
Stealth        | |  2.0
Air Magic      | |  4.0

Action                     || total
---------------------------++-------
  Melee: Dagger            ||    13
         Kick              ||     3
   Cast: Shock             ||    74
    Use: Potion            ||     1
 Armour: Robe              ||     8
  Dodge: Dodged            ||    35

Table legend: (Time is in decaauts)
 A = Elapsed time spent in this place.
 B = Non-inter-level travel time spent in this place.
 C = Inter-level travel time spent in this place.
 D = Time resting spent in this place.
 E = Time spent auto-exploring this place.
 F = Levels seen in this place.
 G = Mean time per level.
                   A        B        C        D        E       F      G
               +--------+--------+--------+--------+--------+-----+--------+
         Total |   1588 |   1484 |    104 |    306 |    920 |   2 |  794.0 |
       Dungeon |   1588 |   1484 |    104 |    306 |    920 |   2 |  794.0 |
               +--------+--------+--------+--------+--------+-----+--------+

Top non-repeatable levels by time:
     D:1: 1312 daAuts
     D:2: 275 daAuts
